 Dungeon Crawl Stone Soup version 0.32-a0-612-g1c984fe9d1 (webtiles) character file.

Game seed: 6301780318039441816

910 CougarLife the Digger (level 8, 0/41 HPs)
             Began as a Gargoyle Earth Elementalist on Mar 5, 2024.
             Was an Initiate of Vehumet.
             Slain by an ice beast (5 damage)
             ... on level 5 of the Dungeon.
             The game lasted 00:03:48 (4463 turns).

CougarLife the Digger (Gargoyle Earth Elementalist) Turns: 4463, Time: 00:03:48

Health: 0/41       AC:  8    Str: 17    XL:     8   Next: 8%
Magic:  0/15       EV: 11    Int: 19    God:    Vehumet [......]
Gold:   282        SH:  0    Dex: 10    Spells: 13/17 levels left

rFire   . . .        l - +0 dagger
rCold   . . .        (no shield)
rNeg    + . .        a - +0 robe
rPois   ∞            m - +0 helmet
rElec   +            (no cloak)
rCorr   .            (no gloves)
SInv    .            (no boots)
Will    +....        (no amulet)
Stlth   ++           h - ring of willpower
HPRegen 0.26/turn    k - +6 ring of strength
MPRegen 0.14/turn

%: no passive effects
@: no status effects
A: sickness immunity, AC +5, negative energy resistance 1, electricity
resistance, torment resistance 1, petrification resistance
a: Renounce Religion


You were on level 5 of the Dungeon.
You worshipped Vehumet.
Vehumet was noncommittal.
You visited 2 branches of the dungeon, and saw 6 of its levels.

You collected 282 gold pieces.

Inventory:

Hand Weapons
 l - a +0 dagger (weapon)
Armour
 a - a +0 robe (worn)
 m - a +0 helmet (worn)
Jewellery
 h - a ring of willpower (left hand)
 k - a +6 ring of strength (right hand)
Wands
 r - a wand of digging (5)
 w - a wand of roots (14)
Scrolls
 c - 3 scrolls of identify {unknown}
 d - 2 scrolls of brand weapon {unknown}
 e - a scroll of fog {unknown}
 i - a scroll of silence {unknown}
 j - a scroll of revelation {unknown}
 n - a scroll of enchant weapon {unknown}
 q - a scroll of immolation {unknown}
 t - a scroll of poison {unknown}
 u - a scroll of enchant armour {unknown}
Potions
 b - a potion of attraction {unknown}
 f - 2 potions of degeneration {unknown}
 g - 2 potions of heal wounds {unknown}
 o - a potion of lignification {unknown}
 p - 3 potions of curing {unknown}
 s - a potion of cancellation {unknown}
 v - 2 potions of ambrosia {unknown}


   Skills:
 - Level 1.5 Dodging
 - Level 2.1 Stealth
 + Level 5.1 Spellcasting
 + Level 5.5 Conjurations
 + Level 7.1 Earth Magic


You had 13 spell levels left.
You knew the following spells:

 Your Spells              Type           Power      Damage    Failure   Level
a - Sandblast             Erth           64%        2d14      1%          1
b - Stone Arrow           Conj/Erth      58%        3d10      2%          3

Your spell library contained the following spells:

 Spells                   Type           Power      Damage    Failure   Level
 Passwall                 Erth           32%        N/A       1%          3
 Foxfire                  Conj/Fire      60%        2x1d7     4%          1
 Kiss of Death            Conj/Necr      60%        2d10      4%          1
 Brom's Barrelling Bould  Conj/Erth      29%        2d5       9%          4
 Ensorcelled Hibernation  Hex/Ice        8%         N/A       19%         2
 Petrify                  Alch/Erth      18%        N/A       28%         4
 Confusing Touch          Hex            4%         N/A       36%         3
 Swiftness                Air            4%         N/A       36%         3
 Dispel Undead            Necr           4%         3d7       77%         4
 Starburst                Conj/Fire      7%         6d4       99%         6
 Plasma Beam              Fire/Air       2%         2x1d12    100%        6


Dungeon Overview and Level Annotations

Branches:
Dungeon (5/15)             Temple (1/1) D:4

Altars:
Ashenzari
Cheibriados
Dithmenos
Elyvilon
Fedhas
Gozag
Hepliaklqana
Kikubaaqudgha
Makhleb
Nemelex Xobeh
Okawaru
Qazlal
Ru
Sif Muna
Trog
Uskayaw
Vehumet
Wu Jian
Xom
Yredelemnul
Zin
The Shining One

Shops:
D:2 !   D:5 =


Innate Abilities, Weirdness & Mutations

You are immune to sickness and miasma.
Your stone body is resilient. (AC +5)
You are immune to poison.
You resist negative energy. (rN+)
You are resistant to electric shocks. (rElec)
You are resistant to unholy torment.
You are immune to petrification.


Message History

You kill Pikel!
Vehumet accepts your kill.
Your Spellcasting skill increases to level 5!
Your Conjurations skill increases to level 5!
Your Earth Magic skill increases to level 7!
You have reached level 8!
You feel clever.
Things that are here:
a +1 whip of freezing; a +1 robe of willpower; the kobold corpse of Pikel
Casting: Stone Arrow (dangerous; 2% risk of failure)
Confirm with . or Enter, or press ? or * to list all spells.
Aiming: Stone Arrow (dangerous; 2% risk of failure)
Press: ? - help, Shift-Dir - straight line, f - ice beast
Aim: an ice beast (71% to hit)
The stone arrow misses the ice beast.
The ice beast hits you. The ice beast freezes you!
* * * LOW HITPOINT WARNING * * *
Casting: Stone Arrow (dangerous; 2% risk of failure)
Confirm with . or Enter, or press ? or * to list all spells.
You don't have enough magic to cast this spell.
Unknown command.
Casting: Stone Arrow (dangerous; 2% risk of failure)
Confirm with . or Enter, or press ? or * to list all spells.
Aiming: Sandblast (safe; 1% risk of failure)
Press: ? - help, Shift-Dir - straight line, f/p - ice beast
Aim: an ice beast (84% to hit)
The blast of sand misses the ice beast.
The ice beast hits you but does no damage.
Casting: Sandblast (safe; 1% risk of failure)
Confirm with . or Enter, or press ? or * to list all spells.
Aiming: Sandblast (safe; 1% risk of failure)
Press: ? - help, Shift-Dir - straight line, f/p - ice beast
Aim: an ice beast (84% to hit)
The blast of sand hits the ice beast!
The ice beast is heavily wounded.
The ice beast hits you but does no damage.
The ice beast hits you.
* * * LOW HITPOINT WARNING * * *
The ice beast freezes you.
You die...

...........# #.####.......#.##.#.
...........###.#.##.......#......
..........###....##.####..####.#.
..........# #..#.##.####.........
..........###..#........#[####.##
............#..#........#.#......
............#..#..........÷....##
............#..#.Y..........÷..#
...............#@.#.#..........#
.<#######.####.##.#.#..........#
### #..)##.##.#.#..........##
###..5....#.#.........### ##
###.....#.##.........## ..
#.....#.##.######..#. ##
#.....#.##........... ##.
##....#.#########.... ......#
#....#.#########.##.


You could see an ice beast.

Vanquished Creatures
  Pikel (D:5)
  A phantom (D:4)
  4 lemures (D:5)
  3 bombardier beetles
  A hound (D:5)
  3 iguanas
  An orc wizard (D:4)
  10 adders
  A ribbon worm (D:5)
  2 dart slugs
  10 orcs
  8 endoplasms
  A giant cockroach (D:2)
  7 hobgoblins
  4 jackals (D:5)
  5 kobolds
  A quokka (D:2)
  5 ball pythons
  6 bats
  A frilled lizard (D:2)
  7 goblins
  3 rats
85 creatures vanquished.

Notes
Turn   | Place    | Note
-------+----------+-------------------------------------------
     0 | D:1      | CougarLife the Gargoyle Earth Elementalist began the quest
                  | for the Orb.
     0 | D:1      | Reached XP level 1. HP: 10/10 MP: 3/3
   661 | D:2      | Found a snail-covered altar of Cheibriados.
   664 | D:2      | Reached XP level 2. HP: 15/15 MP: 3/5
   667 | D:2      | Reached skill level 4 in Earth Magic
   727 | D:2      | Found Ompiucix's Distillery.
   956 | D:2      | Reached XP level 3. HP: 19/19 MP: 3/6
  1288 | D:2      | Reached XP level 4. HP: 24/24 MP: 5/8
  1916 | D:3      | Learned a level 3 spell: Stone Arrow
  2026 | D:3      | Identified the flux talisman of the Mantidfly {rN+ Dex-5
                  | Slay+3}
  2066 | D:3      | Reached XP level 5. HP: 23/28 MP: 0/9
  2143 | D:3      | You fall into a shaft and drop 1 floor!
  2850 | D:4      | Reached skill level 5 in Earth Magic
  2850 | D:4      | Found a staircase to the Ecumenical Temple.
  2862 | Temple   | Entered the Ecumenical Temple
  2915 | Temple   | Became a worshipper of Vehumet
  3036 | D:4      | Noticed a phantom
  3042 | D:4      | Killed a phantom
  3043 | D:4      | Reached XP level 6. HP: 31/32 MP: 7/11
  3140 | D:4      | Found a bloodstained altar of Trog.
  3141 | D:4      | Found a shimmering blue altar of Sif Muna.
  3141 | D:4      | Found a blossoming altar of Fedhas.
  3142 | D:4      | Found a glowing silver altar of Zin.
  3150 | D:4      | Found an ornate altar of the Wu Jian Council.
  3436 | D:5      | Entered Level 5 of the Dungeon
  3455 | D:5      | Found Cic Hul's Jewellery Emporium.
  3800 | D:5      | Reached skill level 6 in Earth Magic
  3834 | D:4      | Found a shimmering altar of Xom.
  3902 | D:5      | Reached XP level 7. HP: 36/36 MP: 10/13
  4406 | D:5      | Noticed Pikel
  4427 | D:5      | Killed Pikel
  4428 | D:5      | Reached skill level 5 in Spellcasting
  4428 | D:5      | Reached skill level 5 in Conjurations
  4428 | D:5      | Reached skill level 7 in Earth Magic
  4428 | D:5      | Reached XP level 8. HP: 9/41 MP: 0/15
  4463 | D:5      | Slain by an ice beast

Illustrated notes

Levels and vault maps discovered:
D:1:      mainiacjoe_arrival_reflecting_pool, layout_loops_ring,
          hangedman_abyss_or_decor_lesser_grid
D:2:      cheibrodos_old_hovel, layout_basic, serial_shops, shop_statue,
          basic_altar
D:3:      layout_loops_ring, serial_aquarium, aquarium_bridge_long_separate
          [aquarium_subvault_wall, aquarium_subvault_wall,
          aquarium_subvault_bridge, aquarium_subvault_wall,
          aquarium_subvault_window, aquarium_subvault_bridge],
          aquarium_bridge_square [aquarium_subvault_bridge,
          aquarium_subvault_wall, aquarium_subvault_bridge,
          aquarium_subvault_wall], aquarium_window_corridor_2,
          aquarium_window_2, aquarium_view_2d, aquarium_view_2b,
          aquarium_pool_split
D:4:      layout_rooms, minitemple, nicolae_overflow_hidden_temple,
          minmay_temple_entry_butterflies
D:5:      layout_basic, nicolae_take_the_stairs, uniq_pikel
Temple:   nicolae_temple_x_marks_the_god

Skill      XL: |  1  2  3  4  5  6  7 |
---------------+----------------------+-----
Earth Magic    | 4 5 6 7 |  7.1
Conjurations   | 2 3 4 5 |  5.5
Spellcasting   | 3 4 5 |  5.1
Dodging        | |  1.5
Stealth        | |  2.1

Action                     |  1- 3 |  4- 6 |  7- 9 || total
---------------------------+-------+-------+-------++-------
  Melee: Unarmed           |     9 |       |       ||     9
         Dagger            |       |     6 |     4 ||    10
   Cast: Sandblast         |    32 |    86 |    19 ||   137
         Stone Arrow       |       |     3 |     7 ||    10
    Use: Potion            |       |       |     1 ||     1
 Armour: Robe              |     9 |    39 |    26 ||    74
  Dodge: Dodged            |    14 |    35 |     5 ||    54

Table legend: (Time is in decaauts)
 A = Elapsed time spent in this place.
 B = Non-inter-level travel time spent in this place.
 C = Inter-level travel time spent in this place.
 D = Time resting spent in this place.
 E = Time spent auto-exploring this place.
 F = Levels seen in this place.
 G = Mean time per level.
                   A        B        C        D        E       F      G
               +--------+--------+--------+--------+--------+-----+--------+
         Total |   4531 |   4342 |    189 |    395 |   3286 |   6 |  755.2 |
       Dungeon |   4469 |   4285 |    184 |    348 |   3286 |   5 |  893.8 |
        Temple |     62 |     57 |      5 |     47 |      0 |   1 |   62.0 |
               +--------+--------+--------+--------+--------+-----+--------+

Top non-repeatable levels by time:
     D:2: 1195 daAuts
     D:5: 988 daAuts
     D:3: 882 daAuts
     D:1: 713 daAuts
     D:4: 690 daAuts
  Temple: 62 daAuts
